TOP OF THE 1ST |
Billings Mustangs batting - Pitching for Ogden Raptors : LHP Jonathan Daniels
|
Pitching: LHP Jonathan Daniels
|
|
Batting: SHB Gustavo Froio
|
0-0: Foul Ball, location: 2F 0-1: Fly out, F7 (Flyball, 78D, EV 92.5 MPH)
|
Batting: RHB Gabriel Arias
|
0-0: Called Strike 0-1: Ground out 6-3 (Groundball, 6, EV 85.6 MPH)
|
Batting: SHB David Garnica
|
0-0: Ball 1-0: SOLO HOME RUN (Line Drive, 7D, EV 106.9 MPH), Distance : 394 ft
|
Batting: RHB Chris Christaldi
|
0-0: Ball 1-0: Called Strike 1-1: Swinging Strike 1-2: Foul Ball, location: 2F 1-2: Ball 2-2: Foul Ball, location: 2F 2-2: SOLO HOME RUN (Flyball, 7D, EV 98.8 MPH), Distance : 393 ft
|
Batting: RHB Ji-an See-to
|
0-0: Foul Ball, location: 2F 0-1: Ball 1-1: Swinging Strike 1-2: Foul Ball, location: 2F 1-2: Ball 2-2: Strikes out swinging
|
Top of the 1st over - 2 runs, 2 hits, 0 errors, 0 left on base; Billings 2 - Ogden 0 |
BOTTOM OF THE 1ST |
Ogden Raptors batting - Pitching for Billings Mustangs : LHP Mark Sandoval
|
Pitching: LHP Mark Sandoval
|
|
Batting: LHB Nate Kee
|
0-0: Foul Ball, location: 2F 0-1: Ball 1-1: Foul Ball, location: 2F 1-2: Foul Ball, location: 2F 1-2: Foul Ball, location: 2F 1-2: Strikes out swinging
|
Batting: RHB Tommy Hunter
|
0-0: Ball 1-0: Swinging Strike 1-1: Ball 2-1: Foul Ball, location: 2F 2-2: Ball 3-2: DOUBLE (Flyball, 8RXD, EV 110.0 MPH)
|
Batting: LHB Steve Pond
|
0-0: Ball Tommy Hunter steals 3rd base 1-0: Ball 2-0: Ball 3-0: Called Strike 3-1: Swinging Strike 3-2: Foul Ball, location: 2F 3-2: Base on Balls
|
Batting: RHB Jerry Sanchez
|
0-0: Foul Ball, location: 2F 0-1: Ball 1-1: Ball 2-1: Swinging Strike 2-2: Ball 3-2: Base on Balls Steve Pond to second
|
Batting: RHB Jonathan Kirsch
|
0-0: Ball 1-0: Foul Ball, location: 2F 1-1: Fielders Choice at 2nd, 6-4 (Groundball, 6, EV 85.6 MPH) Tommy Hunter scores Steve Pond to third
|
Batting: RHB Chad Rojas
|
0-0: Ball 1-0: Ball 2-0: Ball 3-0: Base on Balls Jonathan Kirsch to second
|
Batting: SHB Josh Vaill
|
0-0: Ball 1-0: Ball 2-0: Ball 3-0: Base on Balls Steve Pond scores Jonathan Kirsch to third Chad Rojas to second
|
Batting: RHB Mike Kaczor
|
0-0: SINGLE (Line Drive, 89S, EV 91.9 MPH) Jonathan Kirsch scores Chad Rojas to third Josh Vaill to second Runner from 3rd tries for Home, SAFE, throw by RF to home
|
Batting: RHB Jason Baldwin
|
0-0: Swinging Strike 0-1: Ball 1-1: Ball 2-1: Ground out 1-3 (Groundball, 15, EV 68.8 MPH)
|
Bottom of the 1st over - 4 runs, 2 hits, 0 errors, 2 left on base; Billings 2 - Ogden 4 |
TOP OF THE 2ND |
Billings Mustangs batting - Pitching for Ogden Raptors : LHP Jonathan Daniels
|
Batting: LHB William Matthews
|
0-0: Fly out, F5 (Line Drive, 5L, EV 65.6 MPH)
|
Batting: RHB Jamie Broadhurst
|
0-0: Foul Ball, location: 2F 0-1: Ball 1-1: Swinging Strike 1-2: Strikes out swinging
|
Batting: LHB Martin Koka
|
0-0: Ball 1-0: Called Strike 1-1: Swinging Strike 1-2: Ball 2-2: Strikes out swinging
|
Top of the 2nd over - 0 runs, 0 hits, 0 errors, 0 left on base; Billings 2 - Ogden 4 |
BOTTOM OF THE 2ND |
Ogden Raptors batting - Pitching for Billings Mustangs : LHP Mark Sandoval
|
Batting: LHB Nate Kee
|
0-0: Called Strike 0-1: Swinging Strike 0-2: Foul Ball, location: 2F 0-2: Foul Ball, location: 2F 0-2: Strikes out swinging
|
Batting: RHB Tommy Hunter
|
0-0: Called Strike 0-1: Foul Ball, location: 2F 0-2: DOUBLE (Line Drive, 7LM, EV 98.8 MPH)
|
Batting: LHB Steve Pond
|
0-0: Swinging Strike 0-1: Ground out 6-3 (Groundball, 6, EV 92.5 MPH) Tommy Hunter to third
|
Batting: RHB Jerry Sanchez
|
0-0: Called Strike 0-1: SINGLE (Groundball, 4M, EV 81.2 MPH) (infield hit) Tommy Hunter scores
|
Batting: RHB Jonathan Kirsch
|
0-0: Called Strike 0-1: SINGLE (Line Drive, 78M, EV 85.6 MPH) Jerry Sanchez to second Runner from 2nd tries for 3rd, SAFE, throw by LF made to third
|
Batting: RHB Chad Rojas
|
0-0: Ball 1-0: Called Strike 1-1: Called Strike 1-2: Strikes out swinging
|
Bottom of the 2nd over - 1 run, 3 hits, 0 errors, 2 left on base; Billings 2 - Ogden 5 |
TOP OF THE 3RD |
Billings Mustangs batting - Pitching for Ogden Raptors : LHP Jonathan Daniels
|
Batting: RHB Emanuel Estrada
|
0-0: Called Strike 0-1: Called Strike 0-2: Ball 1-2: Foul Ball, location: 2F 1-2: Strikes out swinging
|
Batting: SHB Gustavo Froio
|
0-0: Ball 1-0: Called Strike 1-1: Ball 2-1: Ball 3-1: Ground out 6-3 (Groundball, 6MS, EV 66.2 MPH)
|
Batting: RHB Gabriel Arias
|
0-0: Called Strike 0-1: Ball 1-1: Foul Ball, location: 2F 1-2: Strikes out swinging
|
Top of the 3rd over - 0 runs, 0 hits, 0 errors, 0 left on base; Billings 2 - Ogden 5 |
BOTTOM OF THE 3RD |
Ogden Raptors batting - Pitching for Billings Mustangs : LHP Mark Sandoval
|
Batting: SHB Josh Vaill
|
0-0: Called Strike 0-1: Called Strike 0-2: Strikes out swinging
|
Batting: RHB Mike Kaczor
|
0-0: Ball 1-0: Ball 2-0: Ball 3-0: Called Strike 3-1: Called Strike 3-2: Foul Ball, location: 2F 3-2: Foul Ball, location: 2F 3-2: SINGLE (Groundball, 6D, EV 96.9 MPH)
|
Batting: RHB Jason Baldwin
|
0-0: Ball 1-0: Ball 2-0: Foul Ball, location: 2F 2-1: Called Strike 2-2: Hit by Pitch Mike Kaczor to second
|
Batting: LHB Nate Kee
|
0-0: Called Strike 0-1: Ball 1-1: Ball 2-1: Ball 3-1: Foul Ball, location: 2F 3-2: Fielders Choice at 2nd, 3-6 (Groundball, 34S, EV 83.8 MPH) Mike Kaczor to third
|
Batting: RHB Tommy Hunter
|
0-0: Ball 1-0: Called Strike 1-1: 3-RUN HOME RUN (Flyball, 7LD, EV 91.9 MPH), Distance : 344 ft
|
Pitching: RHP Cortez Restrepo
|
|
Batting: LHB Steve Pond
|
0-0: Called Strike 0-1: Swinging Strike 0-2: Strikes out looking
|
Bottom of the 3rd over - 3 runs, 2 hits, 0 errors, 0 left on base; Billings 2 - Ogden 8 |
TOP OF THE 4TH |
Billings Mustangs batting - Pitching for Ogden Raptors : LHP Jonathan Daniels
|
Batting: SHB David Garnica
|
0-0: SINGLE (Flyball, 3D, EV 82.5 MPH)
|
Batting: RHB Chris Christaldi
|
0-0: Swinging Strike 0-1: Swinging Strike 0-2: Ball 1-2: Ball 2-2: Ball 3-2: SINGLE (Line Drive, 3D, EV 102.5 MPH) David Garnica to second
|
Batting: RHB Ji-an See-to
|
0-0: Swinging Strike 0-1: Grounds into double play, 5-4-3 (Groundball, 56, EV 78.1 MPH) David Garnica to third
|
Batting: LHB William Matthews
|
0-0: Called Strike 0-1: Called Strike 0-2: Strikes out swinging
|
Top of the 4th over - 0 runs, 2 hits, 0 errors, 1 left on base; Billings 2 - Ogden 8 |
BOTTOM OF THE 4TH |
Ogden Raptors batting - Pitching for Billings Mustangs : RHP Cortez Restrepo
|
Batting: RHB Jerry Sanchez
|
0-0: Called Strike 0-1: SINGLE (Groundball, 6MD, EV 98.1 MPH)
|
Batting: RHB Jonathan Kirsch
|
0-0: Foul Ball, location: 2F 0-1: Fielders Choice at 2nd, 6-4 (Groundball, 6MS, EV 83.1 MPH)
|
Batting: RHB Chad Rojas
|
0-0: Called Strike 0-1: SINGLE (Line Drive, 3D, EV 107.5 MPH) Jonathan Kirsch to second
|
Batting: SHB Josh Vaill
|
0-0: Ball 1-0: Foul Ball, location: 2F 1-1: Swinging Strike 1-2: Foul Ball, location: 2F 1-2: Foul Ball, location: 2F 1-2: 3-RUN HOME RUN (Flyball, 8RXD, EV 114.4 MPH), Distance : 450 ft
|
Batting: RHB Mike Kaczor
|
0-0: Ball 1-0: Swinging Strike 1-1: Called Strike 1-2: Strikes out swinging
|
Batting: RHB Jason Baldwin
|
0-0: Foul Ball, location: 2F 0-1: SINGLE (Line Drive, 56, EV 95.0 MPH)
|
Batting: LHB Nate Kee
|
0-0: Ball 1-0: Ball 2-0: Ball 3-0: Called Strike 3-1: SINGLE (Groundball, 6MD, EV 96.9 MPH) Jason Baldwin to second Runner from 2nd tries for 3rd, SAFE, throw by CF made to third
|
Batting: RHB Tommy Hunter
|
0-0: Foul Ball, location: 2F 0-1: Ball 1-1: Foul Ball, location: 2F 1-2: Foul Ball, location: 2F 1-2: Fly out, F3 (Line Drive, 3L, EV 70.0 MPH)
|
Bottom of the 4th over - 3 runs, 5 hits, 0 errors, 2 left on base; Billings 2 - Ogden 11 |
TOP OF THE 5TH |
Billings Mustangs batting - Pitching for Ogden Raptors : LHP Jonathan Daniels
|
Batting: RHB Jamie Broadhurst
|
0-0: Ball 1-0: Swinging Strike 1-1: Swinging Strike 1-2: Foul Ball, location: 2F 1-2: Ball 2-2: Strikes out swinging
|
Batting: LHB Martin Koka
|
0-0: Ground out U3 (Groundball, 3, EV 86.2 MPH)
|
Batting: RHB Emanuel Estrada
|
0-0: Ground out 4-3 (Groundball, 4, EV 107.5 MPH)
|
Top of the 5th over - 0 runs, 0 hits, 0 errors, 0 left on base; Billings 2 - Ogden 11 |
BOTTOM OF THE 5TH |
Ogden Raptors batting - Pitching for Billings Mustangs : RHP Cortez Restrepo
|
Batting: LHB Steve Pond
|
0-0: Swinging Strike 0-1: Ball 1-1: Swinging Strike 1-2: Foul Ball, location: 2F 1-2: Ball 2-2: Foul Ball, location: 2F 2-2: Fly out, F9 (Line Drive, 9, EV 110.0 MPH)
|
Batting: RHB Jerry Sanchez
|
0-0: SOLO HOME RUN (Flyball, 9D, EV 98.8 MPH), Distance : 391 ft
|
Pitching: RHP Dave Baber
|
|
Batting: RHB Jonathan Kirsch
|
0-0: Called Strike 0-1: Foul Ball, location: 2F 0-2: Fly out, F8 (Flyball, 89M, EV 88.1 MPH)
|
Batting: RHB Chad Rojas
|
0-0: Called Strike 0-1: Ball 1-1: Ball 2-1: Foul Ball, location: 2F 2-2: Ball 3-2: Foul Ball, location: 2F 3-2: Base on Balls
|
Batting: SHB Josh Vaill
|
0-0: Ball 1-0: Foul Ball, location: 2F 1-1: Ball 2-1: Ball Wild Pitch! Chad Rojas to second 3-1: Fly out, F9 (Flyball, 9D, EV 87.5 MPH)
|
Bottom of the 5th over - 1 run, 1 hit, 0 errors, 1 left on base; Billings 2 - Ogden 12 |
TOP OF THE 6TH |
Billings Mustangs batting - Pitching for Ogden Raptors : LHP Jonathan Daniels
|
Batting: SHB Gustavo Froio
|
0-0: Ball 1-0: Ball 2-0: Called Strike 2-1: Foul Ball, location: 2F 2-2: Foul Ball, location: 2F 2-2: Ball 3-2: Strikes out looking
|
Batting: RHB Gabriel Arias
|
0-0: Ball 1-0: Foul Ball, location: 2F 1-1: Foul Ball, location: 2F 1-2: Strikes out swinging
|
Batting: SHB David Garnica
|
0-0: Ball 1-0: Fly out, F8 (Flyball, 8LM, EV 89.4 MPH)
|
Top of the 6th over - 0 runs, 0 hits, 0 errors, 0 left on base; Billings 2 - Ogden 12 |
BOTTOM OF THE 6TH |
Ogden Raptors batting - Pitching for Billings Mustangs : RHP Dave Baber
|
Batting: RHB Mike Kaczor
|
0-0: Ball 1-0: Swinging Strike 1-1: Swinging Strike 1-2: Strikes out swinging
|
Batting: RHB Jason Baldwin
|
0-0: Ball 1-0: Called Strike 1-1: Called Strike 1-2: Ball 2-2: Strikes out swinging
|
Batting: LHB Nate Kee
|
0-0: TRIPLE (Flyball, 9D, EV 89.4 MPH)
|
Batting: RHB Tommy Hunter
|
0-0: Swinging Strike 0-1: Ball 1-1: Ball 2-1: Foul Ball, location: 2F 2-2: Strikes out swinging
|
Bottom of the 6th over - 0 runs, 1 hit, 0 errors, 1 left on base; Billings 2 - Ogden 12 |
TOP OF THE 7TH |
Billings Mustangs batting - Pitching for Ogden Raptors : LHP Jonathan Daniels
|
Batting: RHB Chris Christaldi
|
0-0: Ball 1-0: Ground out 6-3 (Groundball, 56, EV 111.2 MPH)
|
Pinch Hitting: RHB Wayne Watson
|
0-0: Swinging Strike 0-1: Called Strike 0-2: Strikes out swinging
|
Batting: LHB William Matthews
|
0-0: Ball 1-0: Ball 2-0: Called Strike 2-1: Foul Ball, location: 2F 2-2: Foul Ball, location: 2F 2-2: Foul Ball, location: 2F 2-2: Strikes out swinging
|
Top of the 7th over - 0 runs, 0 hits, 0 errors, 0 left on base; Billings 2 - Ogden 12 |
BOTTOM OF THE 7TH |
Ogden Raptors batting - Pitching for Billings Mustangs : RHP Dave Baber
|
Now at 1B: Wayne Watson
|
|
Pinch Hitting: RHB Justin Curran
|
0-0: Ball 1-0: Swinging Strike 1-1: Called Strike 1-2: Foul Ball, location: 2F 1-2: Foul Ball, location: 2F 1-2: Foul Ball, location: 2F 1-2: Ground out 6-3 (Groundball, 6, EV 89.4 MPH)
|
Pinch Hitting: SHB Jason Todd
|
0-0: Ball 1-0: Foul Ball, location: 2F 1-1: Called Strike 1-2: Foul Ball, location: 2F 1-2: Foul Ball, location: 2F 1-2: SOLO HOME RUN (Flyball, 89XD, EV 113.1 MPH), Distance : 421 ft
|
Pitching: RHP Cory Fischer
|
|
Batting: RHB Jonathan Kirsch
|
0-0: Ball 1-0: SINGLE (Groundball, P, EV 86.2 MPH) (infield hit)
|
Pinch Hitting: RHB Joe Bower
|
0-0: Ball 1-0: SINGLE (Groundball, 6, EV 99.4 MPH) Jonathan Kirsch to second
|
Batting: SHB Josh Vaill
|
0-0: Ball 1-0: Fly out, F7 (Flyball, 78M, EV 86.2 MPH)
|
Batting: RHB Mike Kaczor
|
0-0: Ball 1-0: Called Strike 1-1: Swinging Strike 1-2: Strikes out looking
|
Bottom of the 7th over - 1 run, 3 hits, 0 errors, 2 left on base; Billings 2 - Ogden 13 |
TOP OF THE 8TH |
Billings Mustangs batting - Pitching for Ogden Raptors : LHP Jonathan Daniels
|
Now at SS: Jason Todd
|
|
Now in LF: Justin Curran
|
|
Now in RF: Joe Bower
|
|
Batting: RHB Jamie Broadhurst
|
0-0: Foul Ball, location: 2F 0-1: Ball 1-1: Called Strike 1-2: Strikes out swinging
|
Batting: LHB Martin Koka
|
0-0: Ball 1-0: Ball 2-0: Swinging Strike 2-1: Called Strike 2-2: Foul Ball, location: 2F 2-2: Strikes out swinging
|
Batting: RHB Emanuel Estrada
|
0-0: Ball 1-0: Ball 2-0: SINGLE (Groundball, 6D, EV 98.8 MPH)
|
Batting: SHB Gustavo Froio
|
0-0: Swinging Strike 0-1: Foul Ball, location: 2F 0-2: Strikes out swinging
|
Top of the 8th over - 0 runs, 1 hit, 0 errors, 1 left on base; Billings 2 - Ogden 13 |
BOTTOM OF THE 8TH |
Ogden Raptors batting - Pitching for Billings Mustangs : RHP Cory Fischer
|
Batting: RHB Jason Baldwin
|
0-0: Fly out, F9 (Flyball, 9S, EV 95.0 MPH)
|
Batting: LHB Nate Kee
|
0-0: Swinging Strike 0-1: Hit by Pitch
|
Pinch Hitting: RHB David Watkins
|
0-0: Called Strike 0-1: Fielders Choice at 2nd, 6-4 (Groundball, 6, EV 76.2 MPH)
|
Pinch Hitting: RHB Will Barksdale
|
0-0: Ball 1-0: Ball 2-0: Called Strike 2-1: Fielders Choice at 2nd, 5-4 (Groundball, 5L, EV 95.0 MPH)
|
Bottom of the 8th over - 0 runs, 0 hits, 0 errors, 1 left on base; Billings 2 - Ogden 13 |
TOP OF THE 9TH |
Billings Mustangs batting - Pitching for Ogden Raptors : LHP Jonathan Daniels
|
Now at 1B: David Watkins
|
|
Now in LF: Will Barksdale
|
|
Batting: RHB Gabriel Arias
|
0-0: Ball 1-0: Called Strike 1-1: Foul Ball, location: 2F 1-2: SINGLE (Groundball, 6MD, EV 98.1 MPH)
|
Pitching: RHP Gerardo Diaz
|
|
Batting: SHB David Garnica
|
0-0: 2-RUN HOME RUN (Flyball, 78XD, EV 103.8 MPH), Distance : 427 ft
|
Batting: RHB Chris Christaldi
|
0-0: Foul Ball, location: 2F 0-1: Foul Ball, location: 2F 0-2: Ball 1-2: Foul Ball, location: 2F 1-2: Ball 2-2: Ball 3-2: Fly out, F9 (Line Drive, 9S, EV 100.6 MPH)
|
Pinch Hitting: RHB Fred Barbour
|
0-0: Ball 1-0: Swinging Strike 1-1: Foul Ball, location: 2F 1-2: Strikes out swinging
|
Batting: LHB William Matthews
|
0-0: SOLO HOME RUN (Flyball, 9D, EV 99.4 MPH), Distance : 388 ft
|
Batting: RHB Jamie Broadhurst
|
0-0: Ball 1-0: Called Strike 1-1: Called Strike 1-2: Strikes out looking
|
Top of the 9th over - 3 runs, 3 hits, 0 errors, 0 left on base; Billings 5 - Ogden 13 |
|